 Dungeon Crawl Stone Soup version 0.21.1-1-g345015fe64 (webtiles) character file.

93 Lentor the Skirmisher (level 4, -11/40 HPs)
             Began as a Draconian Berserker on June 8, 2018.
             Was a Believer of Trog.
             Mangled by a gnoll
             ... wielding a +0 flail
              (12 damage)
             ... on level 2 of the Dungeon.
             The game lasted 00:02:49 (1260 turns).

Lentor the Skirmisher (Draconian Berserker)         Turns: 1260, Time: 00:02:49

Health: -11/40     AC:  5    Str: 20    XL:     4   Next: 36%
Magic:  4/4        EV: 13    Int:  7    God:    Trog [**....]
Gold:   134        SH:  0    Dex: 11    Spells: 3/3 levels left

rFire    . . .     SeeInvis .   a - +0 mace
rCold    + . .     Gourm    .   (no shield)
rNeg     . . .     Faith    .   (armour unavailable)
rPois    .         Spirit   .   (helmet restricted)
rElec    .         Reflect  .   (no cloak)
rCorr    .         Harm     .   (no gloves)
MR       .....                  (no boots)
Stlth    +.........             (no amulet)
HPRegen  0.13/turn              d - ring of protection from cold
MPRegen  0.09/turn              (no ring)

@: no status effects
A: unfitting armour, cold-blooded, AC +5
a: Berserk, Trog's Hand, Burn Spellbooks, Renounce Religion


You were on level 2 of the Dungeon.
You worshipped Trog.
Trog was pleased with you.
You were not hungry.

You visited 1 branch of the dungeon, and saw 2 of its levels.

You collected 134 gold pieces.

Inventory:

Hand Weapons
 a - a +0 mace (weapon)
Jewellery
 d - a ring of protection from cold (left hand)
 l - an uncursed ring of poison resistance {unknown}
Scrolls
 e - a scroll of fear {unknown}
 g - a scroll of teleportation {unknown}
 h - 2 scrolls of amnesia {unknown}
 j - a scroll of enchant weapon {unknown}
 k - 2 scrolls of remove curse {unknown}
 m - a scroll of noise {unknown}
Potions
 c - 3 potions of curing {unknown}
 f - a potion of berserk rage {unknown}
 i - a potion of heal wounds {unknown}
 n - a potion of cancellation {unknown}
 o - a potion of haste {unknown}
Comestibles
 b - 4 rations


   Skills:
 + Level 4.0 Fighting
 + Level 3.9 Maces & Flails
 + Level 3.3 Dodging
 + Level 0.9 Stealth


You had 3 spell levels left.
You didn't know any spells.

Dungeon Overview and Level Annotations

Branches:
Dungeon (2/15)

Altars:
Gozag

Shops:
D:2 *


Innate Abilities, Weirdness & Mutations

Your plain brown scales are hard. (AC +5)
You cannot fit into any form of body armour.
You are cold-blooded and may be slowed by cold attacks.


Message History

The gnoll is severely wounded.
The gnoll barely misses you. The gnoll misses you.
You barely miss the gnoll.
You tail-slap the gnoll, but do no damage.
The gnoll is severely wounded.
The gnoll hits you with a flail. x2
You are too injured to fight recklessly!
You are too injured to fight recklessly!
You are too injured to fight recklessly!
You are too injured to fight recklessly!
You are too injured to fight recklessly!
You barely miss the gnoll.
The gnoll is severely wounded.
The gnoll hits you with a flail! The gnoll barely misses you.
You hit the gnoll.
The gnoll is almost dead.
The gnoll hits you with a flail!
* * * LOW HITPOINT WARNING * * *
The gnoll hits you with a flail!
You die...

.##. .# #...# .# #.#
#...# .# #.# #...#
.###.# #### #...#
(..#.# ##...# #...#
.#.#.# ##.....##...#
.#.#.# #.......#)..#
.#.#.# #..$....g@..+
.#.#.###.......#g..#
.......##.....##..(#
..<.....##.$.# #...#
...########### #...#
##### ##.#
##...###...###...##
...#
##.....##...##.....##
####
#.......#.).#.......#
#.......'..('(†..[..#


You could see 2 gnolls.

Vanquished Creatures
  3 adders (D:2)
  A gnoll (D:2)
  2 oozes (D:1)
  A dart slug (D:1)
  A leopard gecko (D:1)
  5 bats
  2 giant cockroaches
  5 goblins
  10 hobgoblins
  10 frilled lizards
  4 kobolds
  A rat (D:1)
45 creatures vanquished.

Notes
Turn   | Place    | Note
-------+----------+-------------------------------------------
     0 | D:1      | Lentor the Draconian Berserker began the quest for the Orb.
     0 | D:1      | Reached XP level 1. HP: 19/19 MP: 1/1
   209 | D:1      | Reached XP level 2. HP: 26/26 MP: 2/2
   356 | D:1      | Reached ** piety under Trog
   666 | D:1      | Reached XP level 3. HP: 27/33 MP: 3/3
  1108 | D:2      | Reached skill level 4 in Fighting
  1163 | D:2      | Found an opulent altar of Gozag.
  1164 | D:2      | Found Gozag's Platinum Reserve.
  1196 | D:2      | Reached XP level 4. HP: 36/40 MP: 4/4
  1260 | D:2      | HP: 1/40 [gnoll/flail (12)]
  1260 | D:2      | Mangled by a gnoll

Skill      XL: |  1  2  3 |
---------------+----------+-----
Dodging        | 3 |  3.3
Fighting       | 4 |  4.0
Maces & Flails | |  3.9
Stealth        | |  0.9

Action                   |  1- 3 |  4- 6 || total
-------------------------+-------+-------++-------
Melee: Mace              |   104 |    23 ||   127
       Tailslap          |     8 |     5 ||    13
 Stab: Sleeping          |     2 |       ||     2
  Eat: Chunk             |       |     1 ||     1
Armor: Skin              |    39 |     6 ||    45
Dodge: Dodged            |   108 |    16 ||   124
